 Dungeon Crawl Stone Soup version 0.23.2-30-g0e89c35649 (webtiles) character file.

Game seed: 13105481669917694485

212 sankara the Covered (level 6, -5/41 HPs)
             Began as a Halfling Fighter on June 21, 2019.
             Slain by an ogre
             ... wielding a +0 giant club
              (9 damage)
             ... on level 3 of the Dungeon.
             The game lasted 00:09:58 (2217 turns).

sankara the Covered (Halfling Fighter)              Turns: 2217, Time: 00:10:00

Health: -5/41      AC:  8    Str: 17    XL:     6   Next: 13%
Magic:  6/6        EV:  9    Int:  6    God:
Gold:   117        SH: 16    Dex: 16    Spells: 5/5 levels left

rFire    . . .     SeeInvis .   a - +0 long sword
rCold    . . .     Gourm    .   c - +0 shield
rNeg     . . .     Faith    .   h - +0 scale mail
rPois    .         Spirit   .   (no helmet)
rElec    .         Reflect  .   (no cloak)
rCorr    .         Harm     .   (no gloves)
MR       .....                  n - +0 pair of boots
Stlth    ++........             (no amulet)
HPRegen  0.13/turn              s - ring of stealth {Stlth+}
MPRegen  0.10/turn              (no ring)

@: no status effects
A: small, large bone plates 2, blink, mutation resistance 2
a: Blink


You were on level 3 of the Dungeon.
You were not hungry.

You visited 1 branch of the dungeon, and saw 4 of its levels.
You also visited: Sewer.

You collected 117 gold pieces.

Inventory:

Hand Weapons
 a - a +0 long sword (weapon)
 b - a +0 dagger
   (You took it off a goblin on level 1 of the Dungeon)
 k - a +0 blowgun
   (You found it on level 3 of the Dungeon)
 p - a +0 hunting sling
   (You found it on level 1 of the Dungeon)
 z - a +0 blowgun
   (You took it off a kobold on level 3 of the Dungeon)
Missiles
 j - 122 stones
 t - 2 curare-tipped needles
 v - 5 tomahawks (quivered)
 y - 3 poisoned needles
Armour
 c - a +0 shield (worn)
 h - a +0 scale mail (worn)
 n - a +0 pair of boots (worn)
   (You found it on level 1 of the Dungeon)
Jewellery
 s - a ring of stealth (left hand) {Stlth+}
   (You found it on level 2 of the Dungeon)
Scrolls
 e - 2 scrolls of remove curse {unknown}
 i - a scroll of blinking {unknown}
 l - a scroll of enchant weapon {unknown}
 q - 3 scrolls of identify {unknown}
 r - 6 scrolls of teleportation {unknown}
 x - a scroll of fog {unknown}
Potions
 d - a potion of might
 m - 2 potions of agility {unknown}
 o - 3 potions of curing {unknown}
 u - 4 potions of flight {unknown}
 w - a potion of lignification {unknown}
 A - a potion of berserk rage {unknown}
Comestibles
 f - 6 rations
 g - 2 chunks of flesh {@w0}


   Skills:
 - Level 2.6 Fighting
 * Level 4.1 Long Blades
 + Level 4.3 Armour
 + Level 1.9 Stealth
 + Level 4.3 Shields


You had 5 spell levels left.
You didn't know any spells.
Your spell library was empty.

Dungeon Overview and Level Annotations

Branches:
Dungeon (4/15)
 Temple: D:4-7

Altars:
Elyvilon
Ru
Uskayaw
Zin


Innate Abilities, Weirdness & Mutations

You are small and have problems with some larger weapons.
You are somewhat resistant to both further mutation and mutation removal.
You are mostly covered in large bone plates. (SH +6)
You can translocate small distances at will.


Message History

You open the door.
Found a sacrificial altar of Ru. 2 jackals come into view.
The jackal barks! x2
The jackal barely misses you. You block the jackal's attack.
All of the chunks of flesh in your inventory have rotted away.
You hit the jackal but do no damage. The jackal closely misses you.
The jackal bites you but does no damage.
The jackal closely misses you. You block the jackal's attack.
You miss the jackal. The jackal misses you. You block the jackal's attack.
The jackal barely misses you. x2
You slash the jackal!
You kill the jackal!
You block the jackal's attack.
The jackal bites you but does no damage.
You slash the jackal!
You kill the jackal!
No target in view!
No target in view!
You see here a jackal corpse.
You butcher the jackal corpse.
g - 2 chunks of flesh {@w0} You see here a jackal skeleton.
Key pressed, stopping explore.
r - 6 scrolls labeled TEGRAO LIUR (gained 1)
There is a stone staircase leading down here.
Key pressed, stopping explore.
Setting a skill training target for Shields at 21.0.
Done exploring.
Done exploring.
Done exploring.
Done exploring.
Done exploring.
Done exploring.
(D) Dungeon
Where to? (Enter - D:3, ? - help)
Things that are here:
a +0 hand axe; a +0 leather armour
There is a stone staircase leading down here.
You climb downwards.
There is a stone staircase leading up here.
Unknown command.
You now have 113 gold pieces (gained 14).
You now have 117 gold pieces (gained 4).
An ogre comes into view. It is wielding a +0 giant club.
Found a stone staircase leading down.
An ogre is nearby!
An ogre is nearby!
Found a stone staircase leading up.
The ogre shouts!
Quiver which item? (- for none, * to show all) (? for menu, Esc to quit)
Quivering
v - 8 tomahawks for throwing.
Throwing (i - inventory. (/) - cycle)
v - 8 tomahawks (quivered)
Press: ? - help, Shift-Dir - straight line, f - ogre
Aim: an ogre, wielding a +0 giant club You throw a tomahawk.
The tomahawk hits the ogre.
The ogre is lightly wounded.
Throwing (i - inventory. (/) - cycle)
v - 7 tomahawks (quivered)
Press: ? - help, Shift-Dir - straight line, f/p - ogre
Aim: an ogre, wielding a +0 giant club (lightly wounded)
You throw a tomahawk.
The tomahawk hits the ogre but does no damage.
The ogre is lightly wounded.
A bullfrog skeleton comes into view.
Throwing (i - inventory. (/) - cycle)
v - 6 tomahawks (quivered)
Press: ? - help, Shift-Dir - straight line, f/p - ogre
Aim: an ogre, wielding a +0 giant club (lightly wounded)
You throw a tomahawk. The tomahawk hits the ogre.
The ogre is moderately wounded.
You block the ogre's attack.
You hit the ogre.
The ogre is heavily wounded.
You block the ogre's attack.
You hit the ogre but do no damage.
The ogre is heavily wounded.
You block the ogre's attack.
You hit the ogre.
The ogre is severely wounded.
You block the bullfrog skeleton's attack.
The ogre hits you with a +0 giant club!!
Ouch! That really hurt!
You block the bullfrog skeleton's attack.
You slash the ogre!
The ogre is almost dead.
You block the bullfrog skeleton's attack.
The ogre hits you with a +0 giant club!!
* * * LOW HITPOINT WARNING * * *
You block the bullfrog skeleton's attack.
You block the bullfrog skeleton's attack.
You block the bullfrog skeleton's attack.
You block the bullfrog skeleton's attack.
There is a stone staircase leading up here.
You block the bullfrog skeleton's attack.
You block the ogre's attack.
You climb upwards.
There is a stone staircase leading down here.
You completely miss the ogre.
The ogre is severely wounded.
The ogre hits you with a +0 giant club!
You die...

#.#####.......#....####.#...
#.# ###.)...##..## #.....
##.## #[[...#...#####..#.#
#...# ##.................#
#≈≈≈# #....#..#.###......
#≈≈≈# #....#..#..##......
#≈≈≈# #.......##........#
#≈≈≈# ##.#.#...###.......
#≈.≈# #@O...#..##......#
#≈≈≈# ###..#...##.#.....
#≈≈≈# #......####.#.....
#≈≈≈# ###..#...##.<.......
#≈≈≈######....#..............
#...#.##.....................
##....##.###.................
#.......#...................
#.<...###.##.........#.#....


You could see an ogre.

Vanquished Creatures
  A big kobold (Sewer)
  An orc priest (D:3)
  A river rat (Sewer)
  An ooze (D:3)
  2 worms
  A dart slug (D:2)
  4 leopard geckos
  4 orcs (D:3)
  A ball python (D:3)
  5 giant cockroaches
  8 goblins (D:1)
  6 hobgoblins
  7 jackals
  3 quokkas
  9 bats
  4 frilled lizards
  16 kobolds
  9 rats
83 creatures vanquished.

Vanquished Creatures (others)
  A quokka (D:3)
  A kobold (D:3)
2 creatures vanquished.

Grand Total: 85 creatures vanquished

Notes
Turn   | Place    | Note
-------+----------+-------------------------------------------
     0 | D:1      | sankara the Halfling Fighter began the quest for the Orb.
     0 | D:1      | Reached XP level 1. HP: 15/15 MP: 1/1
    35 | D:1      | Reached XP level 2. HP: 18/20 MP: 2/2
   166 | D:1      | Reached XP level 3. HP: 20/25 MP: 3/3
   407 | D:1      | You fall through a shaft!
   413 | D:2      | Reached skill level 3 in Long Blades
   861 | D:2      | Reached XP level 4. HP: 30/30 MP: 4/4
  1076 | D:3      | Found a glowing drain.
  1202 | Sewer    | Entered a sewer
  1292 | Sewer    | Noticed a big kobold
  1327 | Sewer    | Killed a big kobold
  1327 | Sewer    | Reached skill level 4 in Armour
  1327 | Sewer    | Reached skill level 1 in Stealth
  1327 | Sewer    | Reached skill level 4 in Shields
  1327 | Sewer    | Reached XP level 5. HP: 14/35 MP: 5/5
  1588 | Sewer    | Found a white marble altar of Elyvilon.
  1628 | Sewer    | Gained mutation: You are partially covered in large bone
                  | plates. (SH +4) [potion of mutation]
  1628 | Sewer    | Gained mutation: You are mostly covered in large bone
                  | plates. (SH +6) [potion of mutation]
  1628 | Sewer    | Gained mutation: You can translocate small distances at
                  | will. [potion of mutation]
  1628 | Sewer    | Gained mutation: You are somewhat resistant to both further
                  | mutation and mutation removal. [potion of mutation]
  1710 | D:3      | Found a white marble altar of Elyvilon.
  1741 | D:3      | Reached skill level 4 in Long Blades
  1741 | D:3      | Reached XP level 6. HP: 32/41 MP: 6/6
  1897 | D:3      | Found a glowing silver altar of Zin.
  1917 | D:3      | Noticed a +0 hand axe
  1917 | D:3      | Noticed a +0 dagger
  1927 | D:3      | Found a hide-covered altar of Uskayaw.
  2059 | D:3      | Found a sacrificial altar of Ru.
  2195 | D:4      | Noticed an ogre
  2204 | D:4      | HP: 2/41 [ogre/+0 giant club (18)]
  2217 | D:3      | Slain by an ogre

Skill      XL: |  1  2  3  4  5 |
---------------+----------------+-----
Long Blades    | 3 4 |  4.1
Armour         | 4 |  4.3
Stealth        | 1 |  1.9
Shields        | 4 |  4.3
Fighting       | |  2.6

Action                   |  1- 3 |  4- 6 || total
-------------------------+-------+-------++-------
Melee: Long sword        |   121 |   140 ||   261
Throw: Tomahawk          |       |     3 ||     3
 Abil: Blink             |       |     1 ||     1
  Use: Potion            |       |     2 ||     2
  Eat: Chunk             |       |     5 ||     5
Armor: Scale mail        |    98 |    75 ||   173
Dodge: Dodged            |    66 |    75 ||   141
Block: Shield            |    93 |   125 ||   218
       Rpst.: Long sword |    19 |    22 ||    41

Levels and vault maps discovered:
D:1:      wander_arrival_abandoned_jail, layout_rooms
D:2:      layout_basic
D:3:      layout_rooms, lemuel_doored_altar, zin_statuary,
          dancing_weapons_uskayaw, elyvilon_altar_4, portal_sewer_entry_f
D:4:      layout_basic, first_ration
Sewer:    sewer_kobolds

Table legend:
 A = Turns spent in this place as a percentage of turns spent in the entire game.
 B = Non-inter-level travel turns spent in this place as a percentage of non-inter-level travel turns spent in the entire game.
 C = Inter-level travel turns spent in this place as a percentage of turns spent in this place.
 D = Turns resting spent in this place as a percentage of non-inter-level travel turns spent in this place.
 E = Turns spent auto-exploring this place as a percentage of non-inter-level travel turns spent in this place.
 F = Non-inter-level travel turns spent in this place divided by the number of levels of this place that you've seen.
                   A       B       C       D       E      F
               +-------+-------+-------+-------+-------+----------------------
         Total | 100.0 | 100.0 |   2.1 |  21.4 |  50.1 | 434.2
       Dungeon |  78.9 |  78.4 |   2.6 |  13.0 |  58.0 | 425.8
         Sewer |  21.1 |  21.6 |   0.0 |  51.9 |  21.2 | 468.0
               +-------+-------+-------+-------+-------+----------------------

Table legend:
 A = Kills in this place as a percentage of kills in entire the game.
 B = Kills by you in this place as a percentage of kills by you in the entire game.
 C = Kills by friends in this place as a percentage of kills by friends in the entire game.
 D = Other kills in this place as a percentage of other kills in the entire game.
 E = Experience gained in this place as a percentage of experience gained in the entire game.
 F = Experience gained in this place divided by the number of levels of this place that you have seen.
                   A       B       C       D       E      F
               +-------+-------+-------+-------+-------+----------------------
         Total | 100.0 | 100.0 |   N/A |   N/A | 100.0 |  60.6
       Dungeon |  85.5 |  85.5 |   N/A |   N/A |  58.4 |  44.2
         Sewer |  14.5 |  14.5 |   N/A |   N/A |  41.6 | 126.0
               +-------+-------+-------+-------+-------+----------------------
